[Event "*** Titled Tuesday Blitz"]
[Site "Chess.com"]
[Date "2019.01.01"]
[Round "6"]
[White "DryCounty"]
[Black "Msb2"]
[Result "1-0"]
[WhiteElo "2744"]
[BlackElo "2796"]
[TimeControl "180+2"]
[EndTime "14:26:10 PST"]
[Termination "DryCounty won by resignation"]

1. Nf3 d5 2. c4 e6 3. b3 d4 4. g3 c5 5. Bg2 Nc6 6. O-O e5 7. e3 e4 8. Ne1 Bf5 9. d3 dxe3 10. Bxe3 exd3 11. Nc3 Nf6 12. Nd5 Nxd5 13. Bxd5 Nb4 14. Bxb7 Rb8 15. Bg2 Qd7 16. Nf3 Be7 17. Ne5 Qe6 18. Bf4 O-O 19. a3 Nc2 20. Nxd3 Rbd8 21. Bd5 Qg6 22. Ne5 Qa6 23. Nc6 Bf6 24. Nxd8 Rxd8 25.
Rc1 Nd4 26. b4 g5 27. Be3 g4 28. bxc5 Rxd5 29. cxd5 Ne2+ 30. Kg2 Be4+ 31. f3 gxf3+ 32. Rxf3 Nxc1 33. Bxc1 Qc4 34. Be3 Bxd5 35. Kf2 Bxf3 36.
Qxf3 Be5 37. c6 Qc2+ 38. Kg1 a5 39. Bf2 a4 40. Kg2 Kg7 41. Qg4+ Qg6 42. Qxg6+ Kxg6 43. Bb6 1-0

[Event "*** Titled Tuesday Blitz"]
[Site "Chess.com"]
[Date "2019.01.01"]
[Round "6"]
[White "tteshan"]
[Black "tomozupan"]
[Result "1-0"]
[WhiteElo "2140"]
[BlackElo "2191"]
[TimeControl "180+2"]
[EndTime "14:26:10 PST"]
[Termination "tteshan won by checkmate"]

1. d4 Nf6 2. c4 g6 3. Nc3 d5 4. Qb3 dxc4 5. Qxc4 Bg7 6. e4 a6 7. Nf3 b5 8. Qb3 O-O 9. Bf4 Nc6 10. d5 Na5 11.
Qc2 c6 12. b4 Nc4 13. Bxc4 bxc4 14. Rd1 cxd5 15. Nxd5 Nxd5 16. Rxd5 Qb6 17. Qxc4 Be6 18. Qc5 Qb7 19. Rd1 Qxe4+ 20. Be3 Rac8 21. Qg5 Bxa2 22.
O-O Qxb4 23. Rd2 Bc4 24. Rfd1 a5 25. Rd7 a4 26. h4 a3 27. Bd4 Bxd4 28. Nxd4 Qa4 29.
Nf5 Be6 30. Nxe7+ Kg7 31. Qe5+ Kh6 32. R7d4 Rc4 33. g4 Rxd4 34. Rxd4 Qb3 35. g5+ Kh5 36. Qe2+ Bg4 37. Qxg4# 1-0

[Event "*** Titled Tuesday Blitz"]
[Site "Chess.com"]
[Date "2019.01.01"]
[Round "6"]
[White "ori99"]
[Black "ElenaPershina"]
[Result "0-1"]
[WhiteElo "1998"]
[BlackElo "1927"]
[TimeControl "180+2"]
[EndTime "14:26:13 PST"]
[Termination "ElenaPershina won by checkmate"]

1. e4 e5 2. Nf3 Nc6 3. Bb5 d6 4. d4 exd4 5. Nxd4 Bd7 6. Nc3 Nxd4 7. Bxd7+ Qxd7 8. Qxd4 Nf6 9. h3 Be7 10. Be3 O-O 11.
O-O-O Rfd8 12. f4 b5 13. g4 b4 14. Nd5 Nxd5 15. Qxd5 Qa4 16. g5 c6 17. Qc4 d5 18.
exd5 cxd5 19. Rxd5 Rxd5 20. Qxd5 Rc8 21. Qb3 Qc6 22. Rd1 a5 23. Qd3 Qe6 24. Qd7 Qxe3+ 25. Kb1 Qc5 26. Rd2 g6 27. b3 Bf8 28. Qd5 Qc3 29. Qd4 Qf3 30. Qd7 Qa8 31. h4 Bg7 32. Qb5 Rf8 33. Rd1 Qf3 34. Qd3 Qxf4 35. Qb5 Qg4 36.
Qxa5 Qxd1# 0-1

[Event "*** Titled Tuesday Blitz"]
[Site "Chess.com"]
[Date "2019.01.01"]
[Round "6"]
[White "WinnerOleg"]
[Black "nochewycandy"]
[Result "1/2-1/2"]
[WhiteElo "2374"]
[BlackElo "2252"]
[TimeControl "180+2"]
[EndTime "14:26:13 PST"]
[Termination "Game drawn by stalemate"]

1. d4 Nf6 2. c4 c6 3. Nf3 d5 4. e3 Bf5 5. Nc3 e6 6. Nh4 Be4 7. f3 Bg6 8. Nxg6 hxg6 9. g3 Bd6 10. c5 Bxg3+ 11. Kd2 Rxh2+ 12. Rxh2 Bxh2 13. f4 g5 14. Qe2 Bg3 15. fxg5 Nfd7 16. Qg4 Bc7 17. g6 f5 18. Qh5 Qf6 19. Kc2 Nf8 20. Bd3 Qxg6 21. Qh1 Nbd7 22. Bd2 Qf6 23. b4 e5 24. Rf1 g6 25. b5 exd4 26.
bxc6 bxc6 27. exd4 Qxd4 28. Re1+ Kf7 29. Bxf5 gxf5 30.
Qh5+ Kg8 31. Re7 Be5 32. Qf7+ Kh8 33. Qh5+ Kg8 34. Qf7+ Kh8 35. Qxf5 Qh4 36. Bg5 Qh2+ 37. Kd3 Qg3+ 38. Be3 Qg6 39. Qxg6 Nxg6 40. Rxd7 Bxc3 41. Kxc3 Re8 42. Bd4+ Ne5 43. Rxa7 Kg8 44. Bxe5 Rxe5 45. Rc7 Re2 46. Rxc6 Rxa2 47. Rc7 Kf8 48. Kd4 Rd2+ 49. Ke5 Ke8 50. Ke6 Kd8 51. Rd7+ Kc8 52. Rxd5 Rxd5 53. Kxd5 Kd7 54. c6+ Kc7 55. Kc5 Kc8 56. Kb5 Kc7 57. Kc5 Kc8 58. Kd5 Kc7 59. Kc5 Kc8 60. Kd6 Kd8 61.
Kd5 Kc7 62. Kc5 Kc8 63. Kd6 Kd8 64. c7+ Kc8 65. Kc6 1/2-1/2

[Event "*** Titled Tuesday Blitz"]
[Site "Chess.com"]
[Date "2019.01.01"]
[Round "6"]
[White "ama18"]
[Black "vladimirdamjanovic"]
[Result "1-0"]
[WhiteElo "2448"]
[BlackElo "2583"]
[TimeControl "180+2"]
[EndTime "14:26:14 PST"]
[Termination "ama18 won on time"]

1. e4 c5 2. Nf3 d6 3. d4 cxd4 4. Nxd4 Nf6 5. Nc3 a6 6. h3 e6 7. g4 b5 8. g5 Nfd7 9. h4 Bb7 10. Bg2 Nb6 11. f4 N8d7 12. Qe2 Rc8 13. a3 Nc5 14. h5 Nca4 15. Nxa4 Nxa4 16. c3 Qa5 17. Be3 Qc7 18. O-O Be7 19. f5 e5 20. Nb3 f6 21.
g6 Qc4 22. Qxc4 bxc4 23. Nd2 hxg6 24. hxg6 Nc5 25. Bxc5 Rxc5 26. Kf2 a5 27. Rh1 Rxh1 28. Rxh1 Ba6 29. Rh8+ Bf8 30. Bf1 Rc7 31. b3 Bb5 32. Bxc4 Bc6 33. Ke3 Rb7 34. Bf7+ Ke7 35. b4 axb4 36. axb4 Ra7 37. Nc4 Bb5 38. Nxd6 Kxd6 39.
Rxf8 Ra3 40. Rc8 Bc6 41. Kd3 Bb5+ 42. Bc4 Bc6 43. b5 Bd7 44. Rg8 1-0

[Event "*** Titled Tuesday Blitz"]
[Site "Chess.com"]
[Date "2019.01.01"]
[Round "6"]
[White "TheoSlade"]
[Black "Shivagami"]
[Result "0-1"]
[WhiteElo "2068"]
[BlackElo "2137"]
[TimeControl "180+2"]
[EndTime "14:26:15 PST"]
[Termination "Shivagami won by checkmate"]

1. d4 d5 2. c4 c6 3. Nc3 Nf6 4. e3 a6 5. Nf3 Bf5 6. Qb3 Ra7 7. c5 Nbd7 8. Bd2 e5 9. Na4 e4 10. Ng1 Be7 11. Ne2 O-O 12. Ng3 Bg6 13. Be2 Qc7 14.
O-O h5 15. Nb6 h4 16. Nh1 Bd8 17. Ba5 Qb8 18. Nxd7 Nxd7 19. Bxd8 Qxd8 20. f4 exf3 21. Bxf3 Qg5 22. Nf2 Re8 23. Rae1 Bf5 24. Kh1 Qg6 25. Qd1 Nf6 26. b3 Raa8 27. Nh3 Re7 28. Nf4 Qh6 29. Qd2 Rae8 30. Re2 g5 31. Nd3 g4 32. Bxd5 Bxd3 33.
Bxf7+ Rxf7 34. Qxd3 Nd5 35. Rxf7 Kxf7 36. Rf2+ Kg8 37. Qf5 Qe6 38. Qg5+ Kh7 39. Qxh4+ Kg6 40.
h3 Nxe3 41. hxg4 Nxg4 42. g3 Qe1+ 43. Kg2 Qxf2+ 44. Kh3 Qh2+ 45. Kxg4 Re4+ 46. Kf3 Qe2# 0-1

[Event "*** Titled Tuesday Blitz"]
[Site "Chess.com"]
[Date "2019.01.01"]
[Round "6"]
[White "GadimbayliA"]
[Black "kleinebeer98"]
[Result "1-0"]
[WhiteElo "2774"]
[BlackElo "2694"]
[TimeControl "180+2"]
[EndTime "14:26:16 PST"]
[Termination "GadimbayliA won by resignation"]

1. e4 e5 2. Nf3 Nc6 3. Bb5 f5 4.
Nc3 fxe4 5. Nxe4 Nf6 6. d3 d5 7. Nxf6+ Qxf6 8. Bg5 Qg6 9. Nxe5 Qxg5 10. Nxc6 bxc6 11.
Bxc6+ Kd8 12. Bxa8 Qxg2 13. Rf1 Bc5 14. Qh5 Re8+ 15. Kd2 Be3+ 16. Kc3 d4+ 17. Kb3 Be6+ 18. Ka3 Qxa8 19. fxe3 Qc6 20. Qh4+ Kc8 21. Qxd4 Rd8 22. Qa4 Qb6 23. b3 Rd5 24. Qe8+ Rd8 25. Qa4 Rd5 26.
Kb2 Ra5 27. Qd4 Qc6 28. Qb4 Rb5 29. Qa4 Kb7 30. Qd4 a5 31. Qxg7 a4 32. Qd4 Rc5 33. Rac1 Ra5 34. Qb4+ Ka6 35. Rf4 a3+ 36. Kb1 h5 37. Re4 Bd5 38. Re5 h4 39. e4 Qc3 40.
Qxc3 1-0

[Event "*** Titled Tuesday Blitz"]
[Site "Chess.com"]
[Date "2019.01.01"]
[Round "6"]
[White "juniortay"]
[Black "Peroncio"]
[Result "0-1"]
[WhiteElo "2406"]
[BlackElo "2637"]
[TimeControl "180+2"]
[EndTime "14:26:19 PST"]
[Termination "Peroncio won by resignation"]

1. e4 e5 2. Nc3 Nc6 3. Bc4 Nf6 4.
d3 Na5 5. Nge2 Be7 6. O-O O-O 7. Bb3 d6 8. f4 c6 9. Qe1 Kh8 10. fxe5 dxe5 11. Qg3 Nxb3 12. axb3 Qd6 13. Bg5 a6 14. Kh1 Be6 15. Qh4 Ng8 16. Bxe7 Qxe7 17. Qh5 f6 18. Ng3 Rad8 19. Rf3 Qd7 20. h3 Bf7 21. Qf5 Be6 22.
Qh5 Ne7 23. Raf1 Bf7 24. Qh4 Ng6 25. Qg4 Qxg4 26. hxg4 h6 27. Nf5 Be6 28. Nd1 Rf7 29. Nde3 Nf8 30. Rh3 Nh7 31. Rhf3 Ng5 32. R3f2 Kh7 33.
Kh2 a5 34. Kg3 Rfd7 35. Rh1 Kg8 36. Rff1 Ra8 37. Ra1 b5 38. Rh4 Rda7 39. Rah1 Nf7 40. R1h2 a4 41. bxa4 Rxa4 42. Ne7+ Kf8 43. Nxc6 Rc8 44.
g5 fxg5 0-1

[Event "*** Titled Tuesday Blitz"]
[Site "Chess.com"]
[Date "2019.01.01"]
[Round "6"]
[White "BartoszSocko"]
[Black "PulpanJ"]
[Result "1/2-1/2"]
[WhiteElo "2659"]
[BlackElo "2618"]
[TimeControl "180+2"]
[EndTime "14:26:22 PST"]
[Termination "Game drawn by agreement"]

1. d4 Nf6 2. Nf3 d5 3. c4 e6 4. g3 Be7 5. Bg2 O-O 6. O-O dxc4 7. Ne5 Nc6 8. Bxc6 bxc6 9. Nxc6 Qd6 10. Nxe7+ Qxe7 11. Qc2 e5 12. Rd1 Rd8 13. dxe5 Rxd1+ 14. Qxd1 Qxe5 15.
Qd8+ Ne8 16. Bf4 Qe6 17. Nc3 Bb7 18. Qd4 Nf6 19. Rd1 h6 20. e4 Nxe4 21. Re1 c5 22.
Qe3 Re8 23. Nxe4 Qxe4 24. Qxe4 Rxe4 25. Be3 Re5 26. Rd1 Bf3 27. Rc1 Rd5 28. h3 a6 29. g4 Rd1+ 30. Rxd1 Bxd1 31. Bxc5 Bc2 32. Kf1 a5 33. Ke2 a4 34. Kd2 Bb1 35. a3 g6 36. Kc3 Ba2 37. f4 Kh7 38. g5 h5 39.
Kd4 Kg8 40. Ke5 Bb1 41. Kf6 Bf5 42. h4 Bc2 43. Ke7 Bd3 44. Kd6 Bc2 45. Kc6 Bb3 46.
Bb4 Kg7 47. Kd7 f5 48. Ke7 Bc2 49. Ke6 Bb3 50. Bc3+ Kh7 51. Kf7 Ba2 52. Kf6 Bb3 53. Ke5 Kg7 54. Ke6+ Kh7 55. Ke7 Bc2 56. Bf6 Bb3 57.
Kd6 Kg8 58. Kc5 Kf7 59. Kb4 Ke6 60. Kc5 Kf7 1/2-1/2

[Event "*** Titled Tuesday Blitz"]
[Site "Chess.com"]
[Date "2019.01.01"]
[Round "6"]
[White "rikyshi"]
[Black "StoreySniper"]
[Result "0-1"]
[WhiteElo "2205"]
[BlackElo "2349"]
[TimeControl "180+2"]
[EndTime "14:26:23 PST"]
[Termination "StoreySniper won by resignation"]

1. d4 g6 2. e4 Bg7 3. Nc3 c5 4. Be3 cxd4 5. Bxd4 Nf6 6. e5 Nh5 7. Nh3 f6 8. exf6 Nxf6 9. Bc4 Nc6 10. O-O Nxd4 11.
Qxd4 e6 12. Rad1 O-O 13. Bxe6+ Kh8 14. Bb3 d5 15. Nxd5 Bxh3 16. gxh3 Nxd5 17. Qxd5 Qh4 18. Rd3 Rad8 19. Qc4 Bd4 20. Rg3 Qf4 21. Qe2 Rde8 22. Qg4 Bxf2+ 23. Kg2 Bxg3 24. Rxf4 Bxf4 25. Qf3 Re7 26.
Qd5 Bh6 27. h4 Re2+ 28. Kh3 Re3+ 29. Kg2 Bg7 30. h5 gxh5 31. Qxh5 Re5 32. Qh3 Rg5+ 33. Kh1 Bd4 34. Qg3 Rxg3 35. hxg3 Bxb2 36. c4 Be5 37. Kg2 Rg8 38. g4 Rxg4+ 39. Kf3 Rf4+ 40. Ke3 b6 41.
Kd3 h5 42. c5 bxc5 43. Bg8 Kxg8 0-1

[Event "*** Titled Tuesday Blitz"]
[Site "Chess.com"]
[Date "2019.01.01"]
[Round "6"]
[White "nurmiTV"]
[Black "gmjlh"]
[Result "1-0"]
[WhiteElo "2628"]
[BlackElo "2641"]
[TimeControl "180+2"]
[EndTime "14:26:24 PST"]
[Termination "nurmiTV won on time"]

1. c4 e5 2. g3 c6 3. d4 e4 4. Bg2 d5 5. Nc3 h6 6. Nh3 g5 7. f3 exf3 8. exf3 Bg7 9. O-O Ne7 10. cxd5 O-O 11. Be3 Nf5 12. Bf2 cxd5 13. f4 g4 14.
Qxg4 Ne3 15. Qe2 Nxf1 16. Rxf1 Nc6 17. Qd3 Re8 18. f5 Nb4 19. Qb5 a5 20. g4 b6 21.
Qa4 Ba6 22. Rd1 Rc8 23. Nf4 Qg5 24. Nfxd5 Nxd5 25. Nxd5 Qxg4 26. f6 Bb7 27. h3 Qg5 28. Qb3 Bxf6 29. Nxf6+ Qxf6 30. Bxb7 Rb8 31. Bg2 Qg6 32.
Qg3 Qxg3 33. Bxg3 Rbd8 34. d5 Kg7 35. Bf2 Rd6 36. Bg3 Rg6 37. Kf2 Rc8 38. Rd2 Rf6+ 39. Bf3 Rf5 40. d6 Rd8 41. d7 1-0

[Event "*** Titled Tuesday Blitz"]
[Site "Chess.com"]
[Date "2019.01.01"]
[Round "6"]
[White "j2806"]
[Black "BillForster"]
[Result "0-1"]
[WhiteElo "1725"]
[BlackElo "1714"]
[TimeControl "180+2"]
[EndTime "14:26:27 PST"]
[Termination "BillForster won by resignation"]

1. e4 c5 2. Nf3 a6 3. d4 cxd4 4. Nxd4 e5 5. Nb3 Nf6 6. f3 d5 7. exd5 Qxd5 8. Qxd5 Nxd5 9. Bc4 Be6 10. O-O Be7 11. Bd2 Nc6 12. Nc3 Nc7 13. Bxe6 Nxe6 14. Nd5 O-O-O 15. Nxe7+ Nxe7 16. Rfe1 f6 17. Rad1 Nc6 18.
Kf2 Rd5 19. Be3 Rhd8 20. Rxd5 Rxd5 21. c4 Rd7 22. Ke2 Ned4+ 23. Nxd4 Nxd4+ 24. Kf2 Nc2 25. Re2 Nxe3 26. Kxe3 Kc7 27. f4 exf4+ 28. Kxf4 Rd4+ 29. Re4 Rxe4+ 30. Kxe4 Kd6 31. b4 b6 32. Kd4 f5 33. c5+ bxc5+ 34. bxc5+ Kc6 35. Ke5 Kxc5 36. Kxf5 Kb4 37. g4 Ka3 38. Ke6 Kxa2 39. Kf7 g6 40.
Kg7 a5 41. Kxh7 a4 42. Kxg6 a3 43. Kh7 Kb3 44. g5 a2 45. g6 a1=Q 46. g7 Qb1+ 47. Kh8 Qb2 0-1

[Event "*** Titled Tuesday Blitz"]
[Site "Chess.com"]
[Date "2019.01.01"]
[Round "6"]
[White "esteban062000"]
[Black "Hrant_ChessMood"]
[Result "0-1"]
[WhiteElo "2218"]
[BlackElo "2951"]
[TimeControl "180+2"]
[EndTime "14:26:30 PST"]
[Termination "Hrant_ChessMood won by resignation"]

1. Nf3 c5 2. c4 g6 3. g3 Bg7 4. Bg2 Nc6 5. O-O d6 6. Nc3 Nh6 7. e3 Nf5 8. b3 h5 9. Bb2 h4 10. d4 cxd4 11. exd4 Ncxd4 12. Nxd4 Bxd4 13. Na4 Bxb2 14.
Nxb2 Qb6 15. c5 Qxc5 16. Rc1 Qd4 17. Qxd4 Nxd4 18. Rfe1 h3 19. Bh1 Bg4 20. Rc7 O-O 21. Rexe7 Rae8 22. Bxb7 Nf5 23. Rxe8 Rxe8 24. Rc8 Ng7 25.
Rxe8+ Nxe8 26. Bc6 Nc7 27. Nc4 d5 28. Ne3 Be6 29. Kf1 Kf8 30. Ke2 Ke7 31. Kd2 Kd6 32. Ba4 Na8 33. b4 d4 34. Nc2 Nb6 35. Bb3 Bxb3 36. axb3 Kd5 37. Kd3 Nd7 38. f4 Nf6 39. Nxd4 Ne4 40. Nb5 Nxg3 41. Nxa7 Nf1 42. Ke2 Nxh2 43.
Kf2 Ng4+ 44. Kg1 Ke4 45. b5 Kxf4 46. b6 Kg3 47. b7 h2+ 48. Kf1 h1=Q+ 49. Ke2 Qxb7 0-1

[Event "*** Titled Tuesday Blitz"]
[Site "Chess.com"]
[Date "2019.01.01"]
[Round "6"]
[White "VladDobrov"]
[Black "shnitez"]
[Result "1-0"]
[WhiteElo "2829"]
[BlackElo "2559"]
[TimeControl "180+2"]
[EndTime "14:26:31 PST"]
[Termination "VladDobrov won by resignation"]

1. d4 Nf6 2. c4 c5 3. d5 e5 4. Nc3 d6 5. g3 Be7 6. Bg2 O-O 7. Nf3 a6 8. a4 Ne8 9. O-O f5 10. e4 g6 11. Bh6 Ng7 12. Qd2 Nd7 13. exf5 gxf5 14.
Ng5 Bxg5 15. Bxg5 Qe8 16. Rae1 Qg6 17. f4 e4 18. Kh1 Nf6 19. a5 Bd7 20. Nd1 h6 21.
Bh4 Ng4 22. b4 Rac8 23. Ne3 Nxe3 24. Rxe3 Nh5 25. Rb1 cxb4 26. Rxb4 Rc7 27. Reb3 Bc8 28. Qd4 Re8 29. Rb6 Kh7 30. Re3 Rf8 31. Rc3 Re8 32.
c5 e3 33. Rxe3 Rxe3 34. Qxe3 Rxc5 35. Bf3 Ng7 36. Qe7 Rc1+ 37. Kg2 Qe8 38. Rxd6 Qa4 39. Qf6 Qc2+ 40. Kh3 Qd3 41. Qxh6+ Kg8 42. Rd8+ 1-0

[Event "*** Titled Tuesday Blitz"]
[Site "Chess.com"]
[Date "2019.01.01"]
[Round "6"]
[White "Winehouse83"]
[Black "DrMelekess"]
[Result "0-1"]
[WhiteElo "2407"]
[BlackElo "2588"]
[TimeControl "180+2"]
[EndTime "14:26:31 PST"]
[Termination "DrMelekess won by resignation"]

1. d4 Nf6 2. c4 e6 3. Nf3 b6 4. a3 Bb7 5. Nc3 d5 6. cxd5 exd5 7. g3 Bd6 8. Bg2 a6 9. b4 O-O 10. O-O Nbd7 11. Bf4 Qe7 12. Qc1 Ne4 13. Bxd6 Qxd6 14. Nd2 Nxc3 15. Qxc3 Rac8 16. Rac1 Rfd8 17. e3 h6 18.
Rfd1 c6 19. Bh3 Rc7 20. a4 Nf6 21. a5 b5 22. Qc5 Qxc5 23. Rxc5 Bc8 24. Bxc8 Rdxc8 25.
Rdc1 Kf8 26. Nf3 Ne4 27. R5c2 Nd6 28. Ne5 Nc4 29. Nd3 Ra8 30. Nc5 Re7 31. Re2 Ke8 32. Rd1 Kd8 33. Rd3 Kc7 34. f3 f5 35. e4 fxe4 36. fxe4 dxe4 37. Rxe4 Rxe4 38. Nxe4 Kd7 39. Nc5+ Kd6 40. h4 Kd5 41. h5 Nd6 42. Nd7 Kc4 43. Re3 Rd8 44. Nc5 Kxb4 45. Nxa6+ Kxa5 46. Nc5 Kb4 47. Re7 Nf5 48. Nd3+ Kc3 49. Ne5 Nxe7 0-1

[Event "*** Titled Tuesday Blitz"]
[Site "Chess.com"]
[Date "2019.01.01"]
[Round "6"]
[White "JSMastropiero"]
[Black "BrianWall"]
[Result "0-1"]
[WhiteElo "2282"]
[BlackElo "2162"]
[TimeControl "180+2"]
[EndTime "14:26:32 PST"]
[Termination "BrianWall won by resignation"]

1. d4 Nf6 2. c4 e6 3. g3 Bb4+ 4. Bd2 Bxd2+ 5. Nxd2 O-O 6. Bg2 c5 7. Ngf3 cxd4 8. Nxd4 Nc6 9. N2b3 d5 10. cxd5 exd5 11. O-O Re8 12. Nxc6 bxc6 13. Rc1 Bg4 14. Re1 Qb6 15. h3 Bf5 16. Nd4 Bd7 17. b3 a5 18. Qd2 c5 19. Nf3 a4 20. bxa4 Rxa4 21.
Rb1 Qa5 22. Rb2 d4 23. Rc1 Be6 24. Ng5 Bxa2 25. Bc6 Qxd2 26. Rxd2 Raa8 27. Bxa8 Rxa8 28. Ra1 Bd5 29. Rxa8+ Bxa8 30. Rc2 Nd7 31. Kf1 h6 32. Nf3 Bxf3 33. exf3 Kf8 34. Ke2 Ke7 35. Kd3 Kd6 36. Kc4 Ne5+ 37. Kb5 c4 38. Rxc4 Nxc4 39. Kxc4 Ke5 40.
Kd3 Kd5 41. f4 f5 42. g4 fxg4 43. hxg4 g6 44. f3 h5 45. f5 h4 46. fxg6 Ke6 47.
f4 h3 48. g5 h2 49. f5+ Ke7 50. f6+ Kf8 51. Ke4 h1=Q+ 52. Kf5 Qd5+ 53. Kg4 d3 54. Kh5 Kg8 55. g7 Qf7+ 56. Kh6 d2 57. g6 Qxg7+ 58.
fxg7 d1=R 59. Kg5 Kxg7 0-1

[Event "*** Titled Tuesday Blitz"]
[Site "Chess.com"]
[Date "2019.01.01"]
[Round "6"]
[White "Hikaru"]
[Black "Rakhmanov_Aleksandr"]
[Result "1/2-1/2"]
[WhiteElo "3045"]
[BlackElo "2829"]
[TimeControl "180+2"]
[EndTime "14:26:35 PST"]
[Termination "Game drawn by agreement"]

1. Nf3 Nf6 2. b3 g6 3. Bb2 Bg7 4. d4 O-O 5. e3 d5 6. c4 c6 7.
Bd3 Bg4 8. Nbd2 Nbd7 9. h3 Bxf3 10. Nxf3 Qa5+ 11. Qd2 Qxd2+ 12. Kxd2 Ne4+ 13. Ke2 e6 14. Rhc1 f5 15. b4 Nb6 16. c5 Na4 17. Ba3 a5 18.
Kf1 axb4 19. Bxb4 Ra7 20. Rab1 Rfa8 21. Ne5 Bxe5 22. dxe5 Ng5 23. Rb3 Nf7 24. f4 Kf8 25. g4 Nh6 26. Ke2 fxg4 27. hxg4 Nxg4 28. Rh1 Kg7 29.
e4 h5 30. exd5 cxd5 31. a3 Rc8 32. Rc1 Nh6 33. Bb5 Nf5 34. Kd3 Kf7 35. Rbb1 Rc7 36.
c6 bxc6 37. Bxc6 Rc8 38. Bb5 Rxc1 39. Rxc1 Nb2+ 40. Kc3 Nc4 41. Bxc4 dxc4 42. Rh1 Rc7 43. a4 Ne3 44. Kd4 Nc2+ 45. Kc3 Nxb4 46. Kxb4 c3 47. a5 c2 48. Rc1 h4 49. Kb5 h3 50. Kb6 Rc3 51. a6 h2 52. a7 Rb3+ 53. Kc7 1/2-1/2

[Event "*** Titled Tuesday Blitz"]
[Site "Chess.com"]
[Date "2019.01.01"]
[Round "6"]
[White "jk13"]
[Black "TST2014"]
[Result "1-0"]
[WhiteElo "2708"]
[BlackElo "2488"]
[TimeControl "180+2"]
[EndTime "14:26:36 PST"]
[Termination "jk13 won by checkmate"]

1. e4 c5 2. c3 Nf6 3. e5 Nd5 4. Bc4 Nb6 5. Bb3 Nc6 6. Nf3 d5 7. exd6 Qxd6 8. O-O Be6 9. Bxe6 Qxe6 10. a4 Qd7 11. a5 Nd5 12. a6 b6 13. d4 e6 14.
Re1 Be7 15. Ne5 Nxe5 16. dxe5 Rd8 17. Qg4 g6 18. Bh6 Bf8 19. Bxf8 Kxf8 20. Nd2 h5 21. Qf3 Nxc3 22. bxc3 Qxd2 23. Rad1 Qg5 24. Rxd8+ Qxd8 25. Rd1 Qe7 26. Rd6 Kg7 27. g3 Rd8 28. Qc6 Qg5 29. h4 Qc1+ 30. Kg2 Rf8 31. Rd7 Qxc3 32. Qxe6 Qc2 33. Qf6+ Kg8 34. Rxa7 Qe4+ 35. Kh2 c4 36. Re7 Qf5 37. a7 c3 38. Rb7 Qxf6 39. exf6 c2 40. Rb8 c1=Q 41. Rxf8+ Kh7 42. a8=Q g5 43. Qe4+ Kh6 44.
Rh8# 1-0

[Event "*** Titled Tuesday Blitz"]
[Site "Chess.com"]
[Date "2019.01.01"]
[Round "6"]
[White "Atanejhad"]
[Black "Tulipaz"]
[Result "1/2-1/2"]
[WhiteElo "2252"]
[BlackElo "2463"]
[TimeControl "180+2"]
[EndTime "14:26:38 PST"]
[Termination "Game drawn by repetition"]

1. d4 d5 2. c4 c6 3. Nf3 Nf6 4.
Nc3 a6 5. b3 b5 6. e3 Bg4 7.
Be2 Nbd7 8. O-O Qb8 9. h3 Bh5 10.
cxd5 cxd5 11. Ne5 Bxe2 12. Nxe2 Nxe5 13. dxe5 Qxe5 14. Rb1 e6 15. Bb2 Qd6 16. Bxf6 gxf6 17. a4 b4 18. Rc1 Be7 19. Nd4 O-O 20. f4 f5 21. g4 fxg4 22. hxg4 Bf6 23. Kg2 Rac8 24.
Qd3 Bxd4 25. Qxd4 f6 26. Rh1 e5 27. Qd3 Qd7 28. f5 Rfd8 29. Rhd1 Rxc1 30. Rxc1 Qg7 31.
Kg3 h5 32. Qe2 d4 33. exd4 Rxd4 34. Rc4 Rxc4 35. Qxc4+ Kh7 36. Kf2 Qa7+ 37. Kf1 a5 38.
gxh5 Qb7 39. Qg4 Qh1+ 40. Ke2 Qh2+ 41. Ke3 Qf4+ 42. Qxf4 exf4+ 43. Kxf4 Kg7 44. Ke4 Kh6 45. Kd5 Kxh5 46. Kd6 Kg4 47. Kc5 Kxf5 48. Kb5 Ke5 49.
Kxa5 f5 50. Kb6 f4 51. a5 f3 52. a6 f2 53. a7 f1=Q 54. a8=Q Qf2+ 55. Kb5 Qe2+ 56. Kxb4 Qd2+ 57. Kb5 Qd3+ 58. Kb4 Qd4+ 59. Kb5 Qd3+ 60. Ka4 Qd4+ 61. Kb5 Qd3+ 1/2-1/2

[Event "*** Titled Tuesday Blitz"]
[Site "Chess.com"]
[Date "2019.01.01"]
[Round "6"]
[White "MatyChess1"]
[Black "Fluffey"]
[Result "1-0"]
[WhiteElo "2496"]
[BlackElo "2452"]
[TimeControl "180+2"]
[EndTime "14:26:39 PST"]
[Termination "MatyChess1 won on time"]

1. e4 c5 2. Nf3 Nc6 3. Nc3 g6 4. Bc4 Bg7 5. d3 d6 6. a3 Nf6 7. h3 O-O 8. O-O Rb8 9. Be3 a6 10.
Qd2 b5 11. Ba2 Re8 12. Bh6 Bh8 13. Qf4 e5 14. Ng5 Be6 15. Nxe6 Rxe6 16. Qh4 Re8 17. Bg5 h6 18. Qxh6 c4 19. Qh4 Nd4 20. Nd5 Nxd5 21. Bxd8 Rbxd8 22. exd5 Nxc2 23. Rad1 cxd3 24. Rxd3 e4 25.
Rg3 Bxb2 26. Bb1 Nd4 27. Bxe4 Ne2+ 28. Kh1 Nxg3+ 29. fxg3 Rd7 30. Qg4 Rde7 31. Bd3 Bxa3 32. h4 Kg7 33. Qd4+ Re5 34. Qf4 R8e7 35. Qf6+ Kg8 36.
Bxg6 fxg6 37. Qf8+ Kh7 38. Rf7+ Rxf7 39. Qxf7+ Kh6 40. g4 g5 41. h5 1-0

[Event "*** Titled Tuesday Blitz"]
[Site "Chess.com"]
[Date "2019.01.01"]
[Round "6"]
[White "Thee-Chessboy"]
[Black "lucasmito"]
[Result "1-0"]
[WhiteElo "2253"]
[BlackElo "2394"]
[TimeControl "180+2"]
[EndTime "14:26:39 PST"]
[Termination "Thee-Chessboy won on time"]

1. d4 Nf6 2. c4 g6 3. Nf3 Bg7 4. g3 O-O 5. Bg2 d5 6. O-O dxc4 7. Na3 c3 8. bxc3 c5 9. Ne5 Nd5 10. Qb3 Nc7 11. Bb2 Nd7 12. Nac4 Nxe5 13. Nxe5 Qd6 14. c4 cxd4 15. Nd3 e5 16. Ba3 Qf6 17. Bxf8 Bxf8 18. Rab1 Rb8 19. Qa4 Na6 20. Qb5 Bd6 21. c5 Bc7 22. Bd5 Qe7 23. f3 Kg7 24. Rfc1 Bd7 25. Qb2 Ba5 26. Qa3 Bd2 27. Rc2 Be3+ 28. Kh1 Bf5 29.
Qxa6 bxa6 30. Rxb8 e4 31. Rb7 exd3 32. exd3 Qe5 33.
Rxf7+ Kh6 34. Be4 Bxe4 35. fxe4 Qh5 36. Rf1 Qe5 37. c6 Qc7 38. Kg2 Kg5 39. Rb1 Qa5 40. c7 1-0

[Event "*** Titled Tuesday Blitz"]
[Site "Chess.com"]
[Date "2019.01.01"]
[Round "6"]
[White "WPWPWP-2015"]
[Black "TheBigBadChessDad"]
[Result "1-0"]
[WhiteElo "2294"]
[BlackElo "2276"]
[TimeControl "180+2"]
[EndTime "14:26:41 PST"]
[Termination "WPWPWP-2015 won on time"]

1. d4 Nf6 2. c4 e6 3. Nf3 b6 4. a3 Ba6 5. Qc2 c5 6. e3 Bb7 7. Nc3 Bxf3 8. gxf3 cxd4 9. exd4 d6 10. Bg5 Nbd7 11. O-O-O Be7 12. Rg1 g6 13. Bh6 Rc8 14. Kb1 a6 15. Qa4 Ra8 16. f4 Qc7 17. Rc1 Bf8 18. Bg5 Bg7 19. f5 O-O 20. fxe6 fxe6 21.
Bh3 Rfe8 22. Rge1 Nf8 23. d5 e5 24. Ne4 Nxe4 25. Rxe4 h6 26. Be3 g5 27. Bg4 Re7 28. Qd1 Nh7 29. c5 bxc5 30. Be6+ Kh8 31. Rec4 Rb8 32. h4 gxh4 33. Rxh4 e4 34. Rc2 Qb6 35. Qc1 Reb7 36. b4 cxb4 37. Rc8+ Rxc8 38. Qxc8+ Nf8 39. Rxh6+ Bxh6 40. Bxb6 Rxb6 41. Qc7 Rb5 42.
a4 Rc5 43. Qf7 Nxe6 44. dxe6 1-0

[Event "*** Titled Tuesday Blitz"]
[Site "Chess.com"]
[Date "2019.01.01"]
[Round "6"]
[White "Keranke"]
[Black "Korchmar_Vasiliy"]
[Result "0-1"]
[WhiteElo "2756"]
[BlackElo "2797"]
[TimeControl "180+2"]
[EndTime "14:26:42 PST"]
[Termination "Korchmar_Vasiliy won on time"]

1. d4 Nf6 2. Bf4 d5 3. e3 c5 4. Nc3 a6 5. Nf3 cxd4 6. exd4 Bg4 7. h3 Bh5 8. g4 Bg6 9. Ne5 Nc6 10. h4 Qb6 11. h5 Be4 12. Rh3 h6 13. Nxe4 Nxe4 14. Nxc6 Qxc6 15. c3 e6 16. Bd3 Bd6 17. Be3 O-O 18. f3 Ng5 19. Bxg5 hxg5 20. Bc2 f5 21.
Qd3 Bf4 22. Kf1 b5 23. Kg2 Rac8 24. gxf5 exf5 25. Bb3 Rce8 26. Rhh1 Re3 27. Qc2 Qe6 28. Kf2 Re8 29. Kg1 Re2 30. Qd3 Be3+ 31. Kf1 Rf2+ 32. Ke1 Rxb2 33. Bc2 Bxd4+ 34. Kf1 Ba7 35. Rd1 Qb6 36.
Rd2 Kh8 37. Qxf5 Qh6 38. Qxd5 Rf8 39. Kg2 g4 40. fxg4 Qf4 0-1

[Event "*** Titled Tuesday Blitz"]
[Site "Chess.com"]
[Date "2019.01.01"]
[Round "6"]
[White "Shahinyan_ChessMood"]
[Black "Jospem"]
[Result "0-1"]
[WhiteElo "2689"]
[BlackElo "2807"]
[TimeControl "180+2"]
[EndTime "14:26:45 PST"]
[Termination "Jospem won by checkmate"]

1. c4 Nf6 2. Nc3 c5 3. g3 Nc6 4. Bg2 d6 5. e4 g6 6. Nge2 e5 7.
O-O Bg7 8. d3 O-O 9. h3 a6 10. a4 Nd4 11. f4 Rb8 12. g4 exf4 13. Bxf4 Ne8 14. Kh1 Nxe2 15. Qxe2 Nc7 16. Qd2 Ne6 17.
Bh6 Nd4 18. Bxg7 Kxg7 19. Ne2 Nc6 20. g5 Be6 21. Rf6 h6 22. Raf1 Rh8 23. Nf4 Nd4 24. gxh6+ Kg8 25. Nxg6 Rh7 26. Qg5 fxg6 27. Qxg6+ Kh8 28. e5 Qg8 29. Rxe6 Qxe6 30. Rf6 Qg8 31. Qh5 Qe8 32. Qh4 Qxe5 33. Be4 Re7 34. Qf2 Ne6 35. Rf7 Rxf7 36. Qxf7 Ng5 37. Qc7 Re8 38. Bg2 Qe7 39. Qxb7 Qe1+ 40. Kh2 Qe5+ 41. Kh1 Qf6 42. Qb3 Re1+ 43. Kh2 Qe5# 0-1